 Dungeon Crawl Stone Soup version 0.28.0-53-g5a82cb258f (webtiles) character file.

Game seed: 10760612694790581341

31 jiml777 the Gusty (level 3, -2/37 HPs)
             Began as a Gnoll Air Elementalist on Aug 2, 2022.
             Was an Initiate of Gozag.
             Frozen to death by an endoplasm (4 damage)
             ... on level 2 of the Dungeon.
             The game lasted 00:05:33 (1264 turns).

jiml777 the Gusty (Gnoll Air Elementalist)          Turns: 1264, Time: 00:05:35

Health: -2/37      AC: 21    Str:  7    XL:     3   Next: 22%
Magic:  4/9        EV:  2    Int: 16    God:    Gozag
Gold:   26         SH:  0    Dex: 12    Spells: 11/12 levels left

rFire   . . .      SeeInvis .   g - +0 dagger
rCold   . . .      Faith    .   (no shield)
rNeg    . . .      Spirit   .   (armour currently unavailable)
rPois   +          Reflect  .   (helmet currently unavailable)
rElec   .          Harm     .   (cloak currently unavailable)
rCorr   .          Rampage  .   (gloves currently unavailable)
Will    .....      NoTele   +   (boots currently unavailable)
Stlth   ++........              (no amulet)
HPRegen 0.12/turn               (no ring)
MPRegen 0.11/turn               (no ring)

@: tree-form, gold aura
A: stationary, stasis, torment immunity, boosted hp, (fangs 1), strong nose,
distributed training
a: Renounce Religion, Potion Petition, Call Merchant, Bribe Branch


You were on level 2 of the Dungeon.
You worshipped Gozag.
Gozag was noncommittal.
You were a tree.
You visited 1 branch of the dungeon, and saw 2 of its levels.

You collected 26 gold pieces.

Inventory:

Hand Weapons
 g - a +0 dagger (weapon)
Missiles
 c - 21 stones
 f - 24 sling bullets
 k - 4 poisoned darts
Armour
 a - a +0 robe (melded)
 d - a +0 pair of gloves (melded)
Scrolls
 b - a scroll of teleportation {unknown}
 e - a scroll of magic mapping {unknown}
 h - a scroll of amnesia {unknown}
 i - a scroll of blinking {unknown}
 j - a scroll of fog {unknown}


   Skills:
 + Level 0.7 Fighting
 + Level 0.7 Short Blades
 + Level 0.7 Long Blades
 + Level 0.7 Axes
 + Level 0.7 Maces & Flails
 + Level 0.7 Polearms
 + Level 0.7 Staves
 + Level 0.7 Slings
 + Level 0.7 Bows
 + Level 0.7 Crossbows
 + Level 0.7 Throwing
 + Level 0.7 Armour
 + Level 4.5 Dodging
 + Level 4.1 Stealth
 + Level 0.7 Shields
 + Level 0.7 Unarmed Combat
 + Level 5.0 Spellcasting
 + Level 2.1 Conjurations
 + Level 0.5 Hexes
 + Level 0.5 Summonings
 + Level 0.5 Necromancy
 + Level 0.5 Translocations
 + Level 0.5 Transmutations
 + Level 0.5 Fire Magic
 + Level 0.5 Ice Magic
 + Level 5.4 Air Magic
 + Level 0.5 Earth Magic
 + Level 0.5 Poison Magic
 + Level 0.9 Invocations
 + Level 0.7 Evocations


You had 11 spell levels left.
You knew the following spells:

 Your Spells              Type           Power      Damage    Failure   Level
a - Shock                 Conj/Air       64%        1d7       3%          1

Your spell library contained the following spells:

 Spells                   Type           Power      Damage    Failure   Level
 Static Discharge         Conj/Air       16%        N/A       4%          2
 Swiftness                Air            21%        N/A       4%          3
 Animate Skeleton         Necr           10%        N/A       12%         1
 Pain                     Necr           20%        1d5       12%         1
 Airstrike                Air            10%        N/A       16%         4
 Gell's Gravitas          Tloc           5%         N/A       36%         3
 Teleport Other           Tloc           5%         N/A       36%         3
 Vampiric Draining        Necr           5%         2d6       36%         3
 Dispersal                Tloc           2%         N/A       100%        6


Dungeon Overview and Level Annotations

Branches:
Dungeon (2/15)

Altars:
Gozag


Innate Abilities, Weirdness & Mutations

You are a tree.
Your roots penetrate the ground, keeping you stationary.
You cannot be teleported.
You are immune to unholy pain and torment.
Your maximum health is greatly increased.
Your equipment is partially melded.
((You have very sharp teeth.))
Your uncanny sense of smell can sniff out nearby items.
Your experience applies equally to all skills.


Message History

The zap hits the endoplasm.
The endoplasm is moderately wounded.
The hobgoblin hits you but does no damage.
The kobold is distracted by your dazzling golden aura.
Casting: Shock (safe; 3% risk of failure)
Confirm with . or Enter, or press ? or * to list all spells.
Aiming: Shock (safe; 3% risk of failure)
Press: ? - help, Shift-Dir - straight line The zap hits the endoplasm.
The endoplasm is heavily wounded.
The kobold shouts!
The kobold is no longer distracted by gold.
The hobgoblin hits you but does no damage.
Casting: Shock (safe; 3% risk of failure)
Confirm with . or Enter, or press ? or * to list all spells.
Aiming: Shock (safe; 3% risk of failure)
Press: ? - help, Shift-Dir - straight line, f - hobgoblin
Aim: a hobgoblin (71% to hit)
The zap hits the hobgoblin.
The hobgoblin is almost dead.
The hobgoblin hits you.
* * * LOW HITPOINT WARNING * * *
Casting: Shock (safe; 3% risk of failure)
Confirm with . or Enter, or press ? or * to list all spells.
Aiming: Shock (safe; 3% risk of failure)
Press: ? - help, Shift-Dir - straight line, f/p - hobgoblin
Aim: a hobgoblin (almost dead, 71% to hit)
The zap misses the hobgoblin.
The hobgoblin hits you but does no damage.
Casting: Shock (safe; 3% risk of failure)
Confirm with . or Enter, or press ? or * to list all spells.
Aiming: Shock (safe; 3% risk of failure)
Press: ? - help, Shift-Dir - straight line, f/p - hobgoblin
Aim: a hobgoblin (almost dead, 71% to hit)
The zap hits the hobgoblin.
You kill the hobgoblin!
The endoplasm freezes you.
You are frozen.
You die...
Your body crumbles into a pile of gold.

#.# #.# #.#
.# #:#
...#####.#
.......#.####
#........#
#..$J....#
#...♣....#
#...K....# ∆
#........#
#........#
#........#
#........#
#........#
##########


You could see an endoplasm and a kobold.

Vanquished Creatures
  3 dart slugs (D:1)
  2 ball pythons
  3 bats (D:1)
  5 endoplasms (D:1)
  2 hobgoblins
  3 kobolds (D:1)
  A quokka (D:2)
  2 frilled lizards (D:1)
  4 rats
25 creatures vanquished.

Notes
Turn   | Place    | Note
-------+----------+-------------------------------------------
     0 | D:1      | jiml777 the Gnoll Air Elementalist began the quest for the
                  | Orb.
     0 | D:1      | Reached XP level 1. HP: 13/13 MP: 6/6
   118 | D:1      | Reached XP level 2. HP: 19/19 MP: 3/7
   816 | D:1      | Reached XP level 3. HP: 16/25 MP: 9/9
   972 | D:1      | Found a faded altar of an unknown god.
   986 | D:1      | Prayed at the altar of an unknown god.
   986 | D:1      | Became a worshipper of Gozag Ym Sagoz the Greedy
   992 | D:1      | Reached skill level 5 in Spellcasting
  1262 | D:2      | HP: 1/37 [hobgoblin (2)]
  1264 | D:2      | Frozen to death by an endoplasm

Illustrated notes

Levels and vault maps discovered:
D:1:      onia_arrival_pyramid, layout_basic,
          hellmonk_ecumenical_altar_pennies_from_heaven
D:2:      layout_rooms, uniq_sigmund

Skill      XL: |  1  2  3 |
---------------+----------+-----
Conjurations   | 2 |  2.1
Spellcasting   | 5 |  5.0
Fighting       | |  0.7
Short Blades   | |  0.7
Long Blades    | |  0.7
Axes           | |  0.7
Maces & Flails | |  0.7
Polearms       | |  0.7
Staves         | |  0.7
Slings         | |  0.7
Bows           | |  0.7
Crossbows      | |  0.7
Throwing       | |  0.7
Armour         | |  0.7
Dodging        | |  4.5
Stealth        | |  4.1
Shields        | |  0.7
Unarmed Combat | |  0.7
Hexes          | |  0.5
Summonings     | |  0.5
Necromancy     | |  0.5
Translocations | |  0.5
Transmutations | |  0.5
Fire Magic     | |  0.5
Ice Magic      | |  0.5
Air Magic      | |  5.4
Earth Magic    | |  0.5
Poison Magic   | |  0.5
Invocations    | |  0.9
Evocations     | |  0.7

Action                   || total
-------------------------++-------
Melee: Dagger            ||    56
       Bite              ||     8
       Punch             ||     1
 Cast: Shock             ||    28
  Use: Potion            ||     1
 Stab: Sleeping          ||     4
Armor: Robe              ||    11
       Skin              ||    11
Dodge: Dodged            ||    47
